 Dungeon Crawl Stone Soup version 0.21.1 (webtiles) character file.

811 inmateoo the Slasher (level 7, -2/60 HPs)
             Began as a Gnoll Wanderer on Feb 5, 2018.
             Was an Initiate of Gozag.
             Slain by an adder (3 damage)
             ... on level 4 of the Dungeon.
             The game lasted 00:05:42 (3978 turns).

inmateoo the Slasher (Gnoll Wanderer)               Turns: 3978, Time: 00:05:44

Health: -2/60      AC:  3    Str: 20 (22) XL:     7   Next: 93%
Magic:  11/11      EV: 12    Int: 11 (13) God:    Gozag
Gold:   267        SH:  0    Dex: 12 (15) Spells: 11/11 levels left

rFire    . . .     SeeInvis .   a - +2 falchion
rCold    . . .     Gourm    .   (no shield)
rNeg     . . .     Faith    .   k - +0 leather armour
rPois    .         Spirit   .   (no helmet)
rElec    .         Reflect  .   (no cloak)
rCorr    .         Harm     .   (no gloves)
MR       .....                  (no boots)
Stlth    ++........             (no amulet)
HPRegen  0.20/turn              (no ring)
MPRegen  0.12/turn              (no ring)

@: mighty, lethally poisoned (-2 -> -12), flying, hasted, very quick
A: distributed training, fangs 1, strong nose
a: Potion Petition, Call Merchant, Bribe Branch, Renounce Religion


You were on level 4 of the Dungeon.
You worshipped Gozag.
Gozag was aware of your devotion.
You were not hungry.

You visited 1 branch of the dungeon, and saw 4 of its levels.

You collected 317 gold pieces.
You paid 50 gold pieces to Gozag.

Inventory:

Hand Weapons
 a - a +2 falchion (weapon)
 b - a +1 flail of protection
 v - the +5 arbalest of Cocytus {speed, Dex+3}
   (You found it on level 4 of the Dungeon)

   Attacks with this weapon are significantly faster.
   It affects your dexterity (+3).
Missiles
 i - 4 tomahawks of returning (quivered)
 u - 7 tomahawks
Armour
 k - a +0 leather armour (worn)
 n - a +0 chain mail
Wands
 s - a wand of acid (6)
Scrolls
 e - 2 scrolls of fog
 p - a scroll of remove curse
Potions
 d - 2 potions of magic
 g - a potion of degeneration
 h - a potion of heal wounds {unknown}
 j - a potion of cancellation
 l - a potion of brilliance {unknown}
 m - a potion of might
 o - 2 potions of flight
 t - a potion of agility {unknown}
Comestibles
 f - 5 rations


   Skills:
 + Level 7.1 Fighting
 + Level 2.7 Short Blades
 + Level 7.1 Long Blades
 + Level 2.7 Axes
 + Level 2.7 Maces & Flails
 + Level 2.7 Polearms
 + Level 2.7 Staves
 + Level 2.7 Slings
 + Level 3.8 Bows
 + Level 2.7 Crossbows
 + Level 3.8 Throwing
 + Level 3.8 Armour
 + Level 2.7 Dodging
 + Level 3.6 Stealth
 + Level 2.7 Shields
 + Level 2.7 Unarmed Combat
 + Level 2.7 Spellcasting
 + Level 2.2 Conjurations
 + Level 2.2 Hexes
 + Level 2.2 Charms
 + Level 2.2 Summonings
 + Level 2.2 Necromancy
 + Level 2.2 Translocations
 + Level 2.2 Transmutations
 + Level 2.2 Fire Magic
 + Level 2.2 Ice Magic
 + Level 2.2 Air Magic
 + Level 2.2 Earth Magic
 + Level 2.2 Poison Magic
 + Level 3.0 Invocations
 + Level 2.7 Evocations


You had 11 spell levels left.
You didn't know any spells.

Dungeon Overview and Level Annotations

Branches:
Dungeon (4/15)
 Temple: D:4-7

Altars:
Gozag
Nemelex Xobeh
Qazlal
Trog
Vehumet

Annotations:
D:3 pk666's ghost, amateur MiBe


Innate Abilities, Weirdness & Mutations

Your experience applies equally to all skills.
You have very sharp teeth.
Your uncanny sense of smell can sniff out nearby items.


Message History

The orc wizard hits you but does no damage.
The adder bites you.
* * * LOW HITPOINT WARNING * * *
You are more poisoned.
The adder poisons you!
It was a potion of flight.
You feel very buoyant.
You fly up into the air.
* * * LOW HITPOINT WARNING * * *
You feel sick. The adder closely misses you.
The orc wizard hits you with a dagger.
* * * LOW HITPOINT WARNING * * *
It was a potion of haste.
You feel yourself speed up.
* * * LOW HITPOINT WARNING * * *
You feel sick. The adder misses you.
You riposte.
You barely miss the adder.
The adder is moderately wounded.
The orc wizard hits you but does no damage.
The adder bites you.
You die...
Your body crumbles into a pile of gold.

.# #.## .#
...# .# #..#
.############
#..#
............#
#..#
###########.#
#..# # #.#
#..# # #.#
#So# # #.#
#@.# # #.#
#..# # #.#
#..# # #.#
#..# # #.#
#..# #
#########.#
#..#
###......##.#
#..#
##........#.#
#..#
#...♣♣...#.#
#..#


You could see an orc wizard and an adder.

Vanquished Creatures
  Sigmund (D:2)
  Edmund (D:4)
  Duvessa (D:4)
  Dowan (D:4)
  A scorpion (D:4)
  A howler monkey (D:4)
  An orc priest (D:4)
  Terence (D:3)
  A worker ant (D:4)
  A killer bee zombie (D:3)
  6 gnolls
  4 adders
  A shadow imp (D:3)
  A worm (D:3)
  A dart slug (D:2)
  5 leopard geckos
  5 orcs
  4 bats
  7 giant cockroaches
  7 goblins
  7 hobgoblins
  7 jackals (D:3)
  6 kobolds
  3 frilled lizards
  6 rats
80 creatures vanquished.

Notes
Turn   | Place    | Note
-------+----------+-------------------------------------------
     0 | D:1      | inmateoo the Gnoll Wanderer began the quest for the Orb.
     0 | D:1      | inmateoo set off with: a +2 falchion, a +0 hand axe, a potion of curing, a +0 robe, a ration
     0 | D:1      | Reached XP level 1. HP: 23/23 MP: 1/1
   265 | D:1      | Reached XP level 2. HP: 13/29 MP: 2/2
   670 | D:1      | Reached XP level 3. HP: 26/35 MP: 3/3
   833 | D:2      | Noticed Sigmund
   947 | D:2      | Reached skill level 1 in Invocations
  1061 | D:3      | Noticed pk666's ghost (amateur MiBe)
  1095 | D:2      | Killed Sigmund
  1095 | D:2      | Reached skill level 1 in Short Blades
  1095 | D:2      | Reached skill level 1 in Axes
  1095 | D:2      | Reached skill level 1 in Maces & Flails
  1095 | D:2      | Reached skill level 1 in Polearms
  1095 | D:2      | Reached skill level 1 in Staves
  1095 | D:2      | Reached skill level 1 in Slings
  1095 | D:2      | Reached skill level 1 in Crossbows
  1095 | D:2      | Reached skill level 1 in Dodging
  1095 | D:2      | Reached skill level 1 in Shields
  1095 | D:2      | Reached skill level 1 in Unarmed Combat
  1095 | D:2      | Reached skill level 1 in Spellcasting
  1095 | D:2      | Reached skill level 1 in Conjurations
  1095 | D:2      | Reached skill level 1 in Hexes
  1095 | D:2      | Reached skill level 1 in Charms
  1095 | D:2      | Reached skill level 1 in Summonings
  1095 | D:2      | Reached skill level 1 in Necromancy
  1095 | D:2      | Reached skill level 1 in Translocations
  1095 | D:2      | Reached skill level 1 in Transmutations
  1095 | D:2      | Reached skill level 1 in Fire Magic
  1095 | D:2      | Reached skill level 1 in Ice Magic
  1095 | D:2      | Reached skill level 1 in Air Magic
  1095 | D:2      | Reached skill level 1 in Earth Magic
  1095 | D:2      | Reached skill level 1 in Poison Magic
  1095 | D:2      | Reached skill level 1 in Evocations
  1095 | D:2      | Reached XP level 4. HP: 10/41 MP: 4/6
  1095 | D:2      | Reached XP level 5. HP: 11/47 MP: 4/7
  1494 | D:3      | Found a radiant altar of Vehumet.
  1499 | D:3      | Reached XP level 6. HP: 35/53 MP: 8/8
  1941 | D:3      | Found a bloodstained altar of Trog.
  1957 | D:3      | Noticed Terence
  2231 | D:3      | Killed Terence
  2311 | D:3      | Found a stormy altar of Qazlal.
  2491 | D:3      | Found an opulent altar of Gozag.
  2492 | D:3      | Found a sparkling altar of Nemelex Xobeh.
  2559 | D:3      | Became a worshipper of Gozag Ym Sagoz the Greedy
  3244 | D:4      | Noticed Edmund
  3244 | D:4      | Noticed Dowan
  3542 | D:4      | Got a polished arbalest
  3576 | D:4      | Identified the +5 arbalest of Cocytus {speed, Dex+3} (You found it on level 4 of the Dungeon)
  3654 | D:4      | Reached XP level 7. HP: 54/59 MP: 10/10
  3810 | D:4      | Noticed Duvessa
  3811 | D:4      | Killed Edmund
  3812 | D:4      | Killed Duvessa
  3812 | D:4      | Killed Dowan
  3977 | D:4      | HP: 3/60 [orc wizard/dagger (3)]
  3978 | D:4      | HP: 1/60 [poisoned by an adder]
  3978 | D:4      | Slain by an adder

Skill      XL: |  1  2  3  4  5  6  7 |
---------------+----------------------+-----
Invocations    | 1 2 3 |  3.0
Short Blades   | 1 2 |  2.7
Axes           | 1 2 |  2.7
Maces & Flails | 1 2 |  2.7
Polearms       | 1 2 |  2.7
Staves         | 1 2 |  2.7
Slings         | 1 2 |  2.7
Bows           | 3 |  3.8
Crossbows      | 1 2 |  2.7
Throwing       | 3 |  3.8
Armour         | 3 |  3.8
Dodging        | 1 2 |  2.7
Shields        | 1 2 |  2.7
Unarmed Combat | 1 2 |  2.7
Spellcasting   | 1 2 |  2.7
Conjurations   | 1 2 |  2.2
Hexes          | 1 2 |  2.2
Charms         | 1 2 |  2.2
Summonings     | 1 2 |  2.2
Necromancy     | 1 2 |  2.2
Translocations | 1 2 |  2.2
Transmutations | 1 2 |  2.2
Fire Magic     | 1 2 |  2.2
Ice Magic      | 1 2 |  2.2
Air Magic      | 1 2 |  2.2
Earth Magic    | 1 2 |  2.2
Poison Magic   | 1 2 |  2.2
Evocations     | 1 2 |  2.7
Stealth        | 3 |  3.6
Fighting       | 7 |  7.1
Long Blades    | 7 |  7.1

Action                   |  1- 3 |  4- 6 |  7- 9 || total
-------------------------+-------+-------+-------++-------
Melee: Falchion          |    71 |   138 |    28 ||   237
       Bite              |     7 |    25 |     2 ||    34
       Punch             |     1 |     3 |     1 ||     5
Evoke: Wand              |       |       |     5 ||     5
  Use: Scroll            |     5 |     3 |       ||     8
       Potion            |     4 |     1 |     8 ||    13
 Stab: Sleeping          |     7 |     3 |       ||    10
  Eat: Chunk             |     1 |     4 |       ||     5
       Ration            |       |     1 |     1 ||     2
Armor: Robe              |     2 |       |       ||     2
       Leather armour    |    13 |    23 |    29 ||    65
Dodge: Dodged            |    35 |    85 |    44 ||   164
       Rpst.: Falchion   |    12 |    25 |     8 ||    45
